HSSL
BROOKLINE HS WARRIORS @ SANTA FE HS CHIEFS
05/07/2029
 
TOP OF THE 1ST
Brookline HS Warriors batting - Pitching for Santa Fe HS Chiefs : RHP José Martínez
Pitching: RHP José Martínez
Batting: RHB Gilbert Bentley 0-0: Ball
1-0: Reached on error, E5 (Groundball, 2L)
Batting: RHB Travis Kramer 0-0: Ball
1-0: SINGLE (Groundball, 56D)
Gilbert Bentley to third
Runner from 3rd tries for Home, throw and OUT!
Travis Kramer to second
Batting: RHB Raúl Rivera 0-0: Foul Ball, location: 2F
0-1: Fly out, F4 (Line Drive, 34)
Batting: RHB Ed Vega 0-0: Ball
1-0: Ball
2-0: Ball
3-0: Swinging Strike
3-1: Foul Ball, location: 2F
3-2: Strikes out looking
Top of the 1st over - 0 runs, 1 hit, 1 error, 1 left on base; Brookline HS 0 - Santa Fe HS 0
BOTTOM OF THE 1ST
Santa Fe HS Chiefs batting - Pitching for Brookline HS Warriors : LHP George Johnson
Pitching: LHP George Johnson
Batting: RHB Chris Ledoux 0-0: Ground out 6-3 (Groundball, 6)
Batting: RHB Dave Cooke 0-0: Ball
1-0: Ball
2-0: Ball
3-0: Called Strike
3-1: SINGLE (Groundball, 34D)
Pitching: RHP Jim Taylor
Batting: SHB Victor Gaines 0-0: Swinging Strike
0-1: Called Strike
0-2: Foul Ball, location: 2F
0-2: 2-RUN HOME RUN (Flyball, 9LD), Distance : 360 ft
Batting: LHB Luis Freitas 0-0: Swinging Strike
0-1: Fly out, F9 (Flyball, 9S)
Batting: RHB Jake Henshaw 0-0: Called Strike
0-1: Ball
1-1: Called Strike
1-2: DOUBLE (Line Drive, 9LD)
Batting: RHB Jamal Martínez 0-0: Called Strike
0-1: Called Strike
0-2: Strikes out looking
Bottom of the 1st over - 2 runs, 3 hits, 0 errors, 1 left on base; Brookline HS 0 - Santa Fe HS 2
TOP OF THE 2ND
Brookline HS Warriors batting - Pitching for Santa Fe HS Chiefs : RHP José Martínez
Batting: RHB John Warren 0-0: Ball
1-0: Called Strike
1-1: Foul Ball, location: 2F
1-2: Foul Ball, location: 2F
1-2: Ball
2-2: Foul Ball, location: 2F
2-2: Ball
3-2: Base on Balls
Batting: RHB León Colón 0-0: Ball
1-0: Called Strike
1-1: Ball
2-1: Ball
3-1: Base on Balls
John Warren to second
Batting: LHB Lou Robinson 0-0: Called Strike
0-1: Ball
1-1: Foul Ball, location: 2F
1-2: Strikes out looking
Batting: RHB Michael Mossman 0-0: SINGLE (Flyball, 78S)
John Warren to third
León Colón to second
Batting: RHB Cole Gray 0-0: DOUBLE (Line Drive, 89D)
John Warren scores
León Colón scores
Michael Mossman to third
Batting: RHB Gilbert Bentley 0-0: Ball
1-0: Called Strike
1-1: Called Strike
1-2: Foul Ball, location: 2F
1-2: 3-RUN HOME RUN (Flyball, 7LD), Distance : 354 ft
Batting: RHB Travis Kramer 0-0: Swinging Strike
0-1: Ball
1-1: Ball
2-1: Ball
3-1: Called Strike
3-2: Base on Balls
Batting: RHB Raúl Rivera 0-0: Ball
1-0: Ball
2-0: Called Strike
2-1: Swinging Strike
2-2: Strikes out swinging
Batting: RHB Ed Vega 0-0: Called Strike
0-1: Ball
1-1: Fly out, F7 (Flyball, 7D)
Top of the 2nd over - 5 runs, 3 hits, 0 errors, 1 left on base; Brookline HS 5 - Santa Fe HS 2
BOTTOM OF THE 2ND
Santa Fe HS Chiefs batting - Pitching for Brookline HS Warriors : RHP Jim Taylor
Batting: SHB Greg Ayers 0-0: Hit by Pitch
Batting: RHB Stanley Austin 0-0: Fly out, F9 (Flyball, 9)
Batting: RHB Bruce Cunningham 0-0: Swinging Strike
0-1: Ball
1-1: SINGLE (Line Drive, 6MD)
Greg Ayers to second
Batting: RHB Chris Ledoux 0-0: Ball
1-0: Called Strike
1-1: Ball
2-1: Called Strike
2-2: Ball
3-2: Foul Ball, location: 2F
3-2: SINGLE (Groundball, 6) (infield hit)
Greg Ayers to third
Bruce Cunningham to second
Batting: RHB Dave Cooke 0-0: Called Strike
0-1: Ball
1-1: Ground out 5-3 (Groundball, 56S)
Greg Ayers scores
Bruce Cunningham to third
Chris Ledoux to second
Batting: SHB Victor Gaines 0-0: DOUBLE (Flyball, 8RXD)
Bruce Cunningham scores
Chris Ledoux scores
Batting: LHB Luis Freitas 0-0: Ball
1-0: TRIPLE (Flyball, 8RXD)
Victor Gaines scores
Pitching: LHP Edgardo Sánchez
Batting: RHB Jake Henshaw 0-0: Ball
1-0: Called Strike
1-1: Ground out 6-3 (Groundball, 6)
Bottom of the 2nd over - 4 runs, 4 hits, 0 errors, 1 left on base; Brookline HS 5 - Santa Fe HS 6
TOP OF THE 3RD
Brookline HS Warriors batting - Pitching for Santa Fe HS Chiefs : RHP José Martínez
Batting: RHB John Warren 0-0: Ball
1-0: Ball
2-0: Ground out 6-3 (Groundball, 6S)
Batting: RHB León Colón 0-0: Ball
1-0: Called Strike
1-1: Swinging Strike
1-2: Strikes out swinging
Batting: LHB Lou Robinson 0-0: Ball
1-0: Ball
2-0: Swinging Strike
2-1: Ball
3-1: Fly out, F8 (Flyball, 8RD)
Top of the 3rd over - 0 runs, 0 hits, 0 errors, 0 left on base; Brookline HS 5 - Santa Fe HS 6
BOTTOM OF THE 3RD
Santa Fe HS Chiefs batting - Pitching for Brookline HS Warriors : LHP Edgardo Sánchez
Batting: RHB Jamal Martínez 0-0: Ball
1-0: Called Strike
1-1: Called Strike
1-2: Ball
2-2: Strikes out swinging
Batting: SHB Greg Ayers 0-0: Ball
1-0: Called Strike
1-1: Called Strike
1-2: Ball
2-2: Foul Ball, location: 2F
2-2: Strikes out swinging
Batting: RHB Stanley Austin 0-0: Ball
1-0: Ball
2-0: Ball
3-0: Base on Balls
Batting: RHB Bruce Cunningham 0-0: Ball
1-0: Called Strike
1-1: Called Strike
1-2: Ball
2-2: Strikes out swinging
Bottom of the 3rd over - 0 runs, 0 hits, 0 errors, 1 left on base; Brookline HS 5 - Santa Fe HS 6
TOP OF THE 4TH
Brookline HS Warriors batting - Pitching for Santa Fe HS Chiefs : RHP José Martínez
Batting: RHB Michael Mossman 0-0: Called Strike
0-1: Ground out U3 (Groundball, 3)
Batting: RHB Cole Gray 0-0: Ball
1-0: Swinging Strike
1-1: Ground out 1-3 (Groundball, 13S)
Batting: RHB Gilbert Bentley 0-0: Ball
1-0: Foul Ball, location: 2F
1-1: Ball
2-1: Foul Ball, location: 2F
2-2: Strikes out swinging
Top of the 4th over - 0 runs, 0 hits, 0 errors, 0 left on base; Brookline HS 5 - Santa Fe HS 6
BOTTOM OF THE 4TH
Santa Fe HS Chiefs batting - Pitching for Brookline HS Warriors : LHP Edgardo Sánchez
Batting: RHB Chris Ledoux 0-0: Foul Ball, location: 2F
0-1: Called Strike
0-2: Ball
1-2: Foul Ball, location: 2F
1-2: Ground out 6-3 (Groundball, 6)
Pitching: RHP Alberto García
Batting: RHB Dave Cooke 0-0: Swinging Strike
0-1: Swinging Strike
0-2: SINGLE (Groundball, 56) (infield hit)
Batting: SHB Victor Gaines 0-0: Foul Ball, location: 2F
0-1: Ball
1-1: Ball
2-1: Ball
3-1: Fielders Choice at 2nd, 4-6 (Groundball, 4M)
Batting: LHB Luis Freitas 0-0: Ball
Throwing error on steal attempt, E2
Victor Gaines to third
1-0: Fly out, F7 (Flyball, 78M)
Bottom of the 4th over - 0 runs, 1 hit, 1 error, 1 left on base; Brookline HS 5 - Santa Fe HS 6
TOP OF THE 5TH
Brookline HS Warriors batting - Pitching for Santa Fe HS Chiefs : RHP José Martínez
Pitching: LHP Brent Locke
Batting: RHB Travis Kramer 0-0: Fly out, F9 (Flyball, 89S)
Batting: RHB Raúl Rivera 0-0: Called Strike
0-1: Foul Ball, location: 2F
0-2: Ball
1-2: Fly out, F5 (Line Drive, 56)
Batting: RHB Ed Vega 0-0: Swinging Strike
0-1: Ball
1-1: Called Strike
1-2: Strikes out swinging
Top of the 5th over - 0 runs, 0 hits, 0 errors, 0 left on base; Brookline HS 5 - Santa Fe HS 6
BOTTOM OF THE 5TH
Santa Fe HS Chiefs batting - Pitching for Brookline HS Warriors : RHP Alberto García
Batting: RHB Jake Henshaw 0-0: Called Strike
0-1: Ball
1-1: Ball
2-1: Ball
3-1: Base on Balls
Batting: RHB Jamal Martínez 0-0: Ground out 5-3 (Groundball, 56S)
Jake Henshaw to second
Batting: SHB Greg Ayers 0-0: Called Strike
0-1: Foul Ball, location: 2F
0-2: Ball
1-2: Ball
Wild Pitch!
Jake Henshaw to third
2-2: Strikes out swinging
Batting: RHB Stanley Austin 0-0: Intentional Walk
Batting: RHB Bruce Cunningham 0-0: Ball
1-0: DOUBLE (Flyball, 7LD)
Jake Henshaw scores
Stanley Austin to third
Runner from 3rd tries for Home, SAFE, no throw
Batting: RHB Chris Ledoux 0-0: Ball
1-0: Foul Ball, location: 2F
1-1: Ball
2-1: Ball
3-1: Single, Error in OF, E7, batter to second base
Bruce Cunningham scores
Pitching: RHP Jack Jones
Batting: RHB Dave Cooke 0-0: Called Strike
0-1: Foul Ball, location: 2F
0-2: Ball
1-2: Single, Error in OF, E7, batter to second base
Chris Ledoux scores
Batting: SHB Victor Gaines 0-0: Intentional Walk
Pitching: LHP John Pope
Batting: LHB Luis Freitas 0-0: Ball
1-0: Ball
2-0: Ground out 4-3 (Groundball, 4)
Bottom of the 5th over - 4 runs, 3 hits, 2 errors, 2 left on base; Brookline HS 5 - Santa Fe HS 10
TOP OF THE 6TH
Brookline HS Warriors batting - Pitching for Santa Fe HS Chiefs : LHP Brent Locke
Batting: RHB John Warren 0-0: Ball
1-0: Foul Ball, location: 2F
1-1: Ball
2-1: DOUBLE (Flyball, 78D)
Batting: RHB León Colón 0-0: Ball
1-0: SINGLE (Flyball, 4MD)
John Warren to third
Batting: LHB Lou Robinson 0-0: Ball
1-0: Called Strike
1-1: Foul Ball, location: 2F
1-2: DOUBLE (Groundball, 3L)
John Warren scores
León Colón to third
Batting: RHB Michael Mossman 0-0: Called Strike
0-1: Ball
1-1: Called Strike
1-2: Strikes out looking
Batting: RHB Cole Gray 0-0: Ball
1-0: Foul Ball, location: 2F
1-1: Fly out, F7 (Flyball, 78D)
Runner from 3rd tags up, SCORES, throw made
Pitching: RHP Daniel Gordon
Batting: RHB Gilbert Bentley 0-0: Foul Ball, location: 2F
0-1: Ball
1-1: Swinging Strike
1-2: Ball
2-2: Foul Ball, location: 2F
2-2: Ball
3-2: Strikes out swinging
Top of the 6th over - 2 runs, 3 hits, 0 errors, 1 left on base; Brookline HS 7 - Santa Fe HS 10
BOTTOM OF THE 6TH
Santa Fe HS Chiefs batting - Pitching for Brookline HS Warriors : LHP John Pope
Pitching: RHP Phil Ashford
Batting: RHB Jake Henshaw 0-0: Foul Ball, location: 2F
0-1: Ball
1-1: Foul Ball, location: 2F
1-2: Ground out 5-3 (Groundball, 56)
Batting: RHB Jamal Martínez 0-0: Ball
1-0: Ball
2-0: Called Strike
2-1: Ground out 1-3 (Groundball, P)
Pitching: RHP Dick Green
Batting: SHB Greg Ayers 0-0: Ball
1-0: Called Strike
1-1: Foul Ball, location: 2F
1-2: Ball
2-2: Ground out 4-3 (Groundball, 4)
Bottom of the 6th over - 0 runs, 0 hits, 0 errors, 0 left on base; Brookline HS 7 - Santa Fe HS 10
TOP OF THE 7TH
Brookline HS Warriors batting - Pitching for Santa Fe HS Chiefs : RHP Daniel Gordon
Batting: RHB Travis Kramer 0-0: Swinging Strike
0-1: Swinging Strike
0-2: Ball
1-2: Ball
2-2: Foul Ball, location: 2F
2-2: SINGLE (Groundball, 56) (infield hit)
Batting: RHB Raúl Rivera 0-0: Ball
1-0: Foul Ball, location: 2F
1-1: Ball
2-1: Ball
3-1: Base on Balls
Travis Kramer to second
Batting: RHB Ed Vega 0-0: Called Strike
0-1: Ball
1-1: Ball
2-1: Swinging Strike
2-2: Strikes out looking
Batting: RHB John Warren 0-0: Ball
1-0: Ball
2-0: Swinging Strike
2-1: Fly out, F8 (Flyball, 8LM)
Batting: RHB León Colón 0-0: Ball
1-0: Foul Ball, location: 2F
1-1: Foul Ball, location: 2F
1-2: Strikes out swinging
Top of the 7th over - 0 runs, 1 hit, 0 errors, 2 left on base; Brookline HS 7 - Santa Fe HS 10
BOTTOM OF THE 7TH
Santa Fe HS Chiefs batting - Pitching for Brookline HS Warriors : RHP Dick Green
Pitching: LHP Robert Smith
Batting: RHB Stanley Austin 0-0: Called Strike
0-1: SINGLE (Line Drive, 8LS)
Batting: RHB Bruce Cunningham 0-0: Called Strike
0-1: Ball
1-1: Reached on error, E5 (Groundball, 56)
Stanley Austin to second
Batting: RHB Chris Ledoux 0-0: Fielders Choice at 2nd, 4-6 (Groundball, 4)
Stanley Austin to third
Batting: RHB Dave Cooke 0-0: Called Strike
0-1: Ball
Chris Ledoux is caught stealing 2nd base
1-1: Foul Ball, location: 2F
1-2: Ball
2-2: Ball
3-2: Fly out, F9 (Flyball, 9LM)
Bottom of the 7th over - 0 runs, 1 hit, 1 error, 1 left on base; Brookline HS 7 - Santa Fe HS 10
TOP OF THE 8TH
Brookline HS Warriors batting - Pitching for Santa Fe HS Chiefs : RHP Daniel Gordon
Batting: LHB Lou Robinson 0-0: Called Strike
0-1: Foul Ball, location: 2F
0-2: Strikes out swinging
Batting: RHB Michael Mossman 0-0: Called Strike
0-1: Reached via error on a dropped throw, E3
Batting: RHB Cole Gray 0-0: Called Strike
0-1: Swinging Strike
0-2: Strikes out looking
Batting: RHB Gilbert Bentley 0-0: Called Strike
0-1: Called Strike
0-2: Strikes out swinging
Top of the 8th over - 0 runs, 0 hits, 1 error, 1 left on base; Brookline HS 7 - Santa Fe HS 10
BOTTOM OF THE 8TH
Santa Fe HS Chiefs batting - Pitching for Brookline HS Warriors : LHP Robert Smith
Batting: SHB Victor Gaines 0-0: Ball
1-0: Foul Ball, location: 2F
1-1: Ball
2-1: Called Strike
2-2: DOUBLE (Line Drive, 7LM)
Batting: LHB Luis Freitas 0-0: Ball
1-0: Ball
2-0: SINGLE (Groundball, 6MD)
Victor Gaines to third
Runner from 3rd tries for Home, SAFE, no throw
Batting: RHB Jake Henshaw 0-0: Ball
1-0: Called Strike
1-1: Ball
2-1: Called Strike
2-2: Strikes out swinging
Batting: RHB Jamal Martínez 0-0: Called Strike
0-1: Foul Ball, location: 2F
0-2: Ball
1-2: Ball
2-2: Foul Ball, location: 2F
2-2: Foul Ball, location: 2F
Pickoff Throw to First - Error! E1
Luis Freitas to second
2-2: Strikes out swinging
Batting: SHB Greg Ayers 0-0: Foul Ball, location: 2F
0-1: Fly out, F8 (Flyball, 8RD)
Bottom of the 8th over - 1 run, 2 hits, 1 error, 1 left on base; Brookline HS 7 - Santa Fe HS 11
TOP OF THE 9TH
Brookline HS Warriors batting - Pitching for Santa Fe HS Chiefs : RHP Daniel Gordon
Pitching: RHP Stephen Jones
Batting: RHB Travis Kramer 0-0: Swinging Strike
0-1: Ball
1-1: Foul Ball, location: 2F
1-2: Fly out, F7 (Flyball, 78M)
Batting: RHB Raúl Rivera 0-0: Foul Ball, location: 2F
0-1: Swinging Strike
0-2: Foul Ball, location: 2F
0-2: Ball
1-2: Foul Ball, location: 2F
1-2: SOLO HOME RUN (Flyball, 8LXD), Distance : 444 ft
Batting: RHB Ed Vega 0-0: Foul Ball, location: 2F
0-1: Ball
1-1: Foul Ball, location: 2F
1-2: Ball
2-2: Foul Ball, location: 2F
2-2: Foul Ball, location: 2F
2-2: Ball
3-2: Foul Ball, location: 2F
3-2: Foul Ball, location: 2F
3-2: Foul Ball, location: 2F
3-2: Base on Balls
Batting: RHB John Warren 0-0: Called Strike
0-1: Ball
1-1: Ball
2-1: Ball
3-1: Base on Balls
Ed Vega to second
Batting: RHB León Colón 0-0: Ball
1-0: Hit by Pitch
Ed Vega to third
John Warren to second
Batting: LHB Lou Robinson 0-0: Ball
1-0: Called Strike
1-1: Called Strike
1-2: Ball
2-2: DOUBLE (Flyball, 78D)
Ed Vega scores
John Warren scores
León Colón to third
Runner from 3rd tries for Home, SAFE, no throw
Batting: RHB Michael Mossman 0-0: Intentional Walk
Pitching: RHP Jude Miller
Pinch Hitting: RHB Bobby Donahue 0-0: Ball
1-0: Ball
2-0: Ball
3-0: Called Strike
3-1: Foul Ball, location: 2F
3-2: Base on Balls
Lou Robinson to third
Michael Mossman to second
Batting: RHB Gilbert Bentley 0-0: Swinging Strike
0-1: Foul Ball, location: 2F
0-2: Ball
1-2: Fly out, F8 (Flyball, 8LM)
Runner from 3rd tags up, OUT at HOME
Top of the 9th over - 4 runs, 2 hits, 0 errors, 2 left on base; Brookline HS 11 - Santa Fe HS 11
BOTTOM OF THE 9TH
Santa Fe HS Chiefs batting - Pitching for Brookline HS Warriors : LHP Robert Smith
Now at SS: Bailey Mrazek
Batting: RHB Stanley Austin 0-0: Called Strike
0-1: Foul Ball, location: 2F
0-2: Ball
1-2: Foul Ball, location: 2F
1-2: Ball
2-2: Strikes out swinging
Batting: RHB Bruce Cunningham 0-0: SINGLE (Groundball, 4D)
Batting: RHB Chris Ledoux 0-0: Foul Ball, location: 2F
0-1: 2-RUN HOME RUN (Line Drive, 7D), Distance : 414 ft
Saturday, December 16th, 2017 - OOTP Baseball 18.8 Build 76